 Dungeon Crawl Stone Soup version 0.29-a0-1016-g236c7fd91e (webtiles) character file.

Game seed: 13961148975568982133

7910 RBrandon the Geomancer (level 11, -5/61 HPs)
             Began as a Vampire Earth Elementalist on Aug 9, 2022.
             Was a Priest of Hepliaklqana.
             Slain by a seven-headed hydra (9 damage)
             ... on level 1 of the Lair of Beasts on Aug 10, 2022.
             The game lasted 00:26:21 (8674 turns).

RBrandon the Geomancer (Vampire Earth Elementalist) Turns: 8674, Time: 00:26:22

Health: -5/61      AC:  4    Str:  9    XL:     11   Next: 3%
Magic:  3/18       EV: 21    Int: 20    God:    Hepliaklqana [***...]
Gold:   590        SH:  0    Dex: 20    Spells: 3/20 levels left

rFire   . . .      SeeInvis +   K - +4 dagger (venom)
rCold   + . .      Faith    .   (no shield)
rNeg    . . .      Spirit   .   Z - +1 robe of Honesty {Rampage Drain +Blink Dex+5}
rPois   .          Reflect  .   (no helmet)
rElec   .          Harm     .   (no cloak)
rCorr   .          Rampage  +   g - +0 pair of gloves
Will    +....                   (no boots)
Stlth   +++.......              j - amulet of regeneration
HPRegen 1.20/turn               I - ring of protection from cold
MPRegen 0.16/turn               T - +4 ring of evasion

@: about to teleport, healing quickly
A: reduced essence, alive, fangs 3, see invisible, vampiric 2
a: Exsanguinate, Renounce Religion, Evoke Blink, Recall Ancestor, Ancestor
Identity, Transference


You were on level 1 of the Lair of Beasts.
You worshipped Hepliaklqana.
Hepliaklqana was most pleased with you.
You visited 2 branches of the dungeon, and saw 10 of its levels.

You collected 590 gold pieces.

Inventory:

Hand Weapons
 K - a +4 dagger of venom (weapon)
   (You took it off Dowan on level 5 of the Dungeon)
 R - a +4 rapier of electrocution
   (You took it off Eustachio on level 6 of the Dungeon)
Missiles
 f - 20 poisoned darts
Armour
 g - a +0 pair of gloves (worn)
 S - a +3 leather armour of poison resistance
   (You took it off Eustachio on level 6 of the Dungeon)
 Y - the +1 robe of Oblivion {Int+3}
   (You found it on level 9 of the Dungeon)

   Int:       It affects your intelligence (+3).
 Z - the +1 robe of Honesty (worn) {Rampage Drain +Blink Dex+5}
   (You found it on level 9 of the Dungeon)

   Dex:       It affects your dexterity (+5).
   +Blink:    It lets you blink.
   Drain:     It drains your maximum health when unequipped.
   Rampage:   It bestows one free step when moving towards enemies.
Jewellery
 a - a ring of poison resistance
 j - an amulet of regeneration (around neck)
 A - a ring of fire
 I - a ring of protection from cold (left hand)
 T - a +4 ring of evasion (right hand)
Wands
 J - a wand of digging (5)
 M - a wand of flame (28)
 O - a wand of paralysis (28)
 Q - a wand of iceblast (8)
 U - a wand of acid (17)
 V - a wand of mindburst (5)
Scrolls
 h - a scroll of summoning {unknown}
 o - 2 scrolls of teleportation
 s - 3 scrolls of fear {unknown}
 t - 3 scrolls of enchant weapon {unknown}
 u - a scroll of acquirement {unknown}
 v - 3 scrolls of amnesia {unknown}
 w - 3 scrolls of immolation {unknown}
 y - 9 scrolls of identify {unknown}
 B - 2 scrolls of noise {unknown}
 D - a scroll of fog {unknown}
 E - 3 scrolls of enchant armour {unknown}
 W - a scroll of vulnerability {unknown}
Potions
 b - 2 potions of magic
 c - 2 potions of might
 d - 2 potions of brilliance {unknown}
 e - 3 potions of mutation {unknown}
 m - 3 potions of degeneration {unknown}
 n - 3 potions of ambrosia {unknown}
 p - 2 potions of cancellation {unknown}
 r - 9 potions of curing {unknown}
 z - 4 potions of lignification {unknown}
 C - a potion of invisibility {unknown}
 H - a potion of attraction {unknown}
 L - 2 potions of haste {unknown}
 N - a potion of resistance {unknown}
 P - 2 potions of heal wounds {unknown}
Miscellaneous
 X - a phial of floods


   Skills:
 + Level 4.8 Short Blades
 - Level 8.0 Dodging
 - Level 3.1 Stealth
 - Level 5.2 Spellcasting
 - Level 4.0 Conjurations
 - Level 9.0 Hexes
 - Level 4.2 Transmutations
 - Level 1.0 Fire Magic
 - Level 10.7 Earth Magic


You had 3 spell levels left.
You knew the following spells:

 Your Spells              Type           Power      Damage    Failure   Level
a - Sandblast             Erth           96%        2d20      1%          1
b - Passwall              Tmut/Erth      29%        N/A       1%          2
c - Stone Arrow           Conj/Erth      68%        3d11      1%          3
d - Petrify               Tmut/Erth      35%        N/A       5%          4
e - Inner Flame           Hex/Fire       25%        N/A       4%          3
f - Cause Fear            Hex            20%        N/A       2%          4

Your spell library contained the following spells:

 Spells                   Type           Power      Damage    Failure   Level
 Ensorcelled Hibernation  Hex/Ice        46%        N/A       2%          2
 Foxfire                  Conj/Fire      60%        2x1d7     4%          1
 Necrotise                Necr           20%        1d5       12%         1
 Conjure Flame            Conj/Fire      15%        6-21      12%         3
 Swiftness                Air            5%         N/A       34%         3
 Vampiric Draining        Necr           5%         2d6       34%         3
 Flame Wave               Conj/Fire      15%        2d7       38%         4
 Agony                    Necr           5%         N/A       97%         5
 Dragon Form              Tmut           11%        N/A       100%        7
 Dragon's Call            Summ           2%         N/A       100%        9


Dungeon Overview and Level Annotations

Branches:
Dungeon (9/15)             Temple (0/1) D:5            Lair (1/5) D:9
    Orc: D:9-12

Altars:
Dithmenos
Gozag
Hepliaklqana
Okawaru
Ru
Sif Muna
Trog
Xom

Annotations:
D:4 2 transporters, gelatine's ghost, amateur DsGl
D:7 3 runed translucent doors, spaghetti's ghost, novice OgSu


Innate Abilities, Weirdness & Mutations

Your life essence is reduced to manifest your ancestor. (-10% HP)
Your natural rate of healing is accelerated.
You have razor-sharp teeth.
You have supernaturally acute eyesight. (SInv)
You are afflicted with vampirism and can become a bat while bloodless.


Message History

The seven-headed hydra bites you.
* * * LOW HITPOINT WARNING * * *
The seven-headed hydra misses you. The seven-headed hydra bites you.
* * * LOW HITPOINT WARNING * * *
The seven-headed hydra misses you.
As you read the scroll of teleportation, it crumbles to dust.
You feel strangely unstable.
Amala points at the seven-headed hydra and mumbles some strange words.
The seven-headed hydra resists with almost no effort.
The seven-headed hydra bites you.
* * * LOW HITPOINT WARNING * * *
The seven-headed hydra bites you but does no damage.
The seven-headed hydra closely misses you.
The seven-headed hydra completely misses you. x2
The seven-headed hydra bites you.
* * * LOW HITPOINT WARNING * * *
The seven-headed hydra closely misses you.
Amala hits the seven-headed hydra with a +0 dagger of draining!
Amala drains the seven-headed hydra.
Amala hits the seven-headed hydra with a +0 dagger of draining!
Amala drains the seven-headed hydra.
The seven-headed hydra attacks as you move away!
The seven-headed hydra closely misses you.
The seven-headed hydra bites you.
* * * LOW HITPOINT WARNING * * *
The seven-headed hydra misses you. The seven-headed hydra bites you.
* * * LOW HITPOINT WARNING * * *
The seven-headed hydra misses you. x2; The seven-headed hydra bites you.
* * * LOW HITPOINT WARNING * * *
The seven-headed hydra attacks as you move away!
The seven-headed hydra completely misses you.
The seven-headed hydra barely misses you.
The seven-headed hydra bites you.
* * * LOW HITPOINT WARNING * * *
The seven-headed hydra bites you but does no damage.
The seven-headed hydra completely misses you.
The seven-headed hydra bites you.
* * * LOW HITPOINT WARNING * * *
The seven-headed hydra bites you!
You die...

#..♣~~~~~.... ##. .####...##
#..♣♣~~~~...# #...# ##..# .
#..#♣~~~♣...####... #..# .#
###...~~~~~...#.##..## #..#
..##....P#~~♣♣...♣.#P...#####..##
#..........♣.....~~~......[......
###.###.........P~~♣.............
..#.♣..##..##..#.~~♣###P#..##.#..
#.....♣#..####D@.~# ###..####..
+..>.♣##..######..# #..## #..
#.....##...#.#.#..# #...##...
##.♣.##...........####.#.#.#.#>#
#..#.............##............
......P##P##P##.....#.#.#.#.#.#
.......########.................
........# ##..##.#.#.#.#.#.#
........# ####..###...........


You could see a seven-headed hydra (drained).

Vanquished Creatures
  Erica (Lair:1)
  A two-headed ogre (D:9)
  Pikel (D:7)
  Joseph (D:8)
  A cane toad (Lair:1)
  Maggie (D:7)
  Prince Ribbit (D:8)
  A polar bear (Lair:1)
  Eustachio (D:6)
  A steam dragon (D:9)
  Menkaure (D:6)
  3 water moccasins
  Duvessa (D:5)
  An ice beast (D:6)
  An orc warrior (D:9)
  3 black bears
  3 ogres
  3 centaurs
  A phantom (D:6)
  2 kobold brigands
  3 bullfrogs
  4 scorpions
  15 wights
  Dowan (D:5)
  2 howler monkeys (D:9)
  5 orc priests
  A gnoll bouda (D:4)
  5 hounds
  5 iguanas
  Jessica (D:3)
  11 orc wizards
  13 gnolls
  8 adders
  3 white imps
  An ufetubus (D:6)
  2 worms
  2 dart slugs (D:4)
  32 orcs
  8 endoplasms
  A giant cockroach (D:1)
  4 goblins
  7 hobgoblins
  9 jackals
  2 quokkas
  3 ball pythons
  7 bats
  3 frilled lizards
  13 kobolds
  7 rats
207 creatures vanquished.

Vanquished Creatures (collateral kills)
  2 steam dragons
  An acid dragon (D:8)
  A kobold brigand (D:8)
  A wight (D:7)
  A howler monkey (D:8)
  A gnoll (D:5)
  3 orcs
  6 kobolds
16 creatures vanquished.

Vanquished Creatures (others)
  A hexer (D:8)
  2 ancestors
  10 plants (D:6)
13 creatures vanquished.

Grand Total: 236 creatures vanquished

Notes
Turn   | Place    | Note
-------+----------+-------------------------------------------
     0 | D:1      | RBrandon the Vampire Earth Elementalist began the quest for
                  | the Orb.
     0 | D:1      | Reached XP level 1. HP: 13/13 MP: 3/3
   298 | D:1      | Found a faded altar of an unknown god.
   319 | D:1      | Reached XP level 2. HP: 19/19 MP: 1/5
   828 | D:2      | Learned a level 2 spell: Passwall
   946 | D:2      | Gained mutation: You are afflicted with vampirism and can
                  | become a bat while bloodless. [Vampire growth]
   946 | D:2      | Reached XP level 3. HP: 19/24 MP: 2/7
  1314 | D:2      | Found a shadowy altar of Dithmenos.
  1580 | D:3      | Reached XP level 4. HP: 30/30 MP: 6/9
  1658 | D:3      | Noticed Jessica
  1667 | D:3      | Killed Jessica
  1856 | D:3      | Reached skill level 4 in Earth Magic
  1856 | D:3      | Reached XP level 5. HP: 35/35 MP: 8/11
  2461 | D:4      | Noticed an ogre
  2580 | D:4      | Found a transporter.
  2582 | D:4      | Noticed gelatine's ghost (amateur DsGl)
  2587 | D:4      | Killed an ogre
  2588 | D:4      | Reached skill level 5 in Earth Magic
  2588 | D:4      | Reached XP level 6. HP: 41/41 MP: 9/12
  2658 | D:4      | Reached skill level 6 in Earth Magic
  2945 | D:4      | Found a shimmering blue altar of Sif Muna.
  2945 | D:4      | Found a hazy altar of Hepliaklqana.
  2946 | D:4      | Found a sacrificial altar of Ru.
  2946 | D:4      | Found a shimmering altar of Xom.
  2946 | D:4      | Found an iron altar of Okawaru.
  2947 | D:4      | Found a shadowy altar of Dithmenos.
  2947 | D:4      | Found a bloodstained altar of Trog.
  2948 | D:4      | Found an opulent altar of Gozag.
  2963 | D:4      | Became a worshipper of Hepliaklqana the Forgotten
  2977 | D:4      | Found a transporter.
  3214 | D:4      | Reached skill level 7 in Earth Magic
  3214 | D:4      | Reached XP level 7. HP: 18/46 MP: 6/13
  3519 | D:5      | Entered Level 5 of the Dungeon
  3603 | D:5      | Noticed Duvessa
  3606 | D:5      | Noticed Dowan
  3609 | D:5      | Killed Duvessa
  3612 | D:5      | Killed Dowan
  3685 | D:5      | Reached skill level 8 in Earth Magic
  3985 | D:5      | Reached XP level 8. HP: 30/52 MP: 9/14
  3988 | D:5      | Reached skill level 9 in Earth Magic
  4119 | D:5      | Reached * piety under Hepliaklqana
  4277 | D:5      | Found a staircase to the Ecumenical Temple.
  4419 | D:6      | Noticed Eustachio
  4531 | D:6      | Learned a level 3 spell: Stone Arrow
  4583 | D:6      | Reached skill level 10 in Earth Magic
  4671 | D:6      | Reached skill level 1 in Conjurations
  4962 | D:6      | Reached XP level 9. HP: 46/51 MP: 8/15
  4967 | D:6      | Killed Eustachio
  5017 | D:6      | Learned a level 4 spell: Petrify
  5030 | D:6      | Noticed Menkaure
  5034 | D:6      | Killed Menkaure
  5424 | D:7      | Learned a level 3 spell: Inner Flame
  5447 | D:7      | Noticed Pikel
  5456 | D:7      | Killed Pikel
  5468 | D:7      | Noticed Maggie
  5474 | D:7      | Killed Maggie
  5678 | D:7      | Reached ** piety under Hepliaklqana
  5679 | D:7      | Remembered your ancestor Amala as a hexer
  5757 | D:7      | Found a runed translucent gate.
  6088 | D:7      | Reached skill level 5 in Spellcasting
  6088 | D:7      | Reached XP level 10. HP: 56/56 MP: 15/17
  6093 | D:7      | Learned a level 4 spell: Cause Fear
  6130 | D:7      | Found a runed translucent gate.
  6130 | D:7      | Found a runed translucent gate.
  6130 | D:7      | Noticed spaghetti's ghost (novice OgSu)
  6203 | D:8      | Noticed Prince Ribbit
  6234 | D:8      | Killed Prince Ribbit
  6653 | D:8      | Reached skill level 1 in Fire Magic
  7012 | D:8      | Noticed Joseph
  7019 | D:8      | Killed Joseph
  7200 | D:9      | Reached skill level 5 in Dodging
  7358 | D:9      | Found a staircase to the Lair.
  7418 | D:9      | Identified the +1 robe of Marbles {Contam rPois Str+2
                  | Dex+3}
  7428 | D:9      | Reached *** piety under Hepliaklqana
  7537 | D:9      | Noticed a two-headed ogre
  7543 | D:9      | Killed a two-headed ogre
  7865 | D:9      | Identified the +1 robe of Oblivion {Int+3}
  7954 | D:9      | Identified the +1 robe of Honesty {Rampage Drain +Blink
                  | Dex+5}
  8399 | Lair:1   | Entered Level 1 of the Lair of Beasts
  8402 | Lair:1   | Noticed Erica
  8414 | Lair:1   | Killed Erica
  8565 | Lair:1   | Noticed a cane toad
  8573 | Lair:1   | Killed a cane toad
  8574 | Lair:1   | Reached XP level 11. HP: 61/61 MP: 14/18
  8661 | Lair:1   | Noticed a seven-headed hydra
  8674 | Lair:1   | Slain by a seven-headed hydra

Illustrated notes

Levels and vault maps discovered:
D:1:      kennysheep_arrival_seaside, layout_basic,
          ebering_ecumenical_altar_mist
D:2:      layout_basic, basic_altar, chequers_avenue, minmay_circle_x
D:3:      layout_rooms, uniq_jessica
D:4:      layout_loops_cross, nicolae_overflows_in_rows,
          gammafunk_ghost_mausoleum, skrybe_limestone_x, roderic_three_in_a_row
D:5:      minmay_recursive_quarters, layout_basic,
          minmay_temple_entry_statues_fountains, nicolae_titane, uniq_duvessa
D:6:      layout_gridville, serial_bayou_crossing, uniq_eustachio, uniq_menkaure
D:7:      layout_loops_ring, ebering_ghost_rock_garden, uniq_maggie, uniq_pikel
D:8:      layout_basic, minmay_misc_feat_cross, minmay_sticks_and_stones,
          uniq_prince_ribbit1
D:9:      layout_stronghold, dpeg_oklobed_lair
Lair:1:   layout_small_grid, serial_bayou, serial_bayou_pond_c,
          serial_bayou_ford_a, serial_bayou_pond_b, serial_bayou_pond_d,
          st_stairs_12, lemuel_oklob_altar, grunt_megastairs_3, uniq_erica

Skill      XL: |  1  2  3  4  5  6  7  8  9 10 |
---------------+-------------------------------+-----
Spellcasting   | 3 4 5 |  5.2
Earth Magic    | 4 5 7 8 10 | 10.7
Conjurations   | 3 4 |  4.0
Transmutations | 4 |  4.2
Hexes          | 7 9 |  9.0
Fire Magic     | 1 |  1.0
Dodging        | 8 |  8.0
Short Blades   | 4 |  4.8
Stealth        | |  3.1

Action                   |  1- 3 |  4- 6 |  7- 9 | 10-12 || total
-------------------------+-------+-------+-------+-------++-------
Melee: Dagger            |     2 |     1 |    26 |    19 ||    48
       Bite              |     1 |       |     3 |     3 ||     7
       Punch             |       |       |       |     1 ||     1
Throw: Dart              |       |     2 |       |       ||     2
 Cast: Sandblast         |    48 |    85 |   120 |    49 ||   302
       Passwall          |       |     1 |       |       ||     1
       Stone Arrow       |       |       |     6 |     2 ||     8
       Inner Flame       |       |       |     1 |    19 ||    20
       Petrify           |       |       |       |     6 ||     6
       Cause Fear        |       |       |       |     4 ||     4
Invok: Recall Ancestor   |       |       |     1 |     1 ||     2
       Ancestor Life: He |       |       |     1 |       ||     1
Evoke: Wand              |       |       |     4 |     1 ||     5
  Use: Scroll            |       |     2 |       |     2 ||     4
       Potion            |       |       |     1 |       ||     1
 Stab: Sleeping          |       |       |     1 |       ||     1
       Petrified         |       |       |       |     3 ||     3
       Distracted        |       |       |       |     1 ||     1
Armor: Robe              |     3 |     3 |       |     4 ||    10
       Ring mail         |       |    13 |       |       ||    13
       Scale mail        |       |     5 |    32 |       ||    37
       Leather armour    |       |       |     1 |     4 ||     5
Dodge: Dodged            |    10 |    53 |    40 |    38 ||   141

Table legend: (Time is in decaauts)
 A = Elapsed time spent in this place.
 B = Non-inter-level travel time spent in this place.
 C = Inter-level travel time spent in this place.
 D = Time resting spent in this place.
 E = Time spent auto-exploring this place.
 F = Levels seen in this place.
 G = Mean time per level.
                   A        B        C        D        E       F      G
               +--------+--------+--------+--------+--------+-----+--------+
         Total |   9013 |   8575 |    438 |    676 |   6070 |  10 |  901.3 |
       Dungeon |   8710 |   8272 |    438 |    676 |   5869 |   9 |  967.8 |
          Lair |    302 |    302 |      0 |      0 |    201 |   1 |  302.0 |
               +--------+--------+--------+--------+--------+-----+--------+

Top non-repeatable levels by time:
     D:9: 1219 daAuts
     D:4: 1054 daAuts
     D:8: 1044 daAuts
     D:5: 997 daAuts
     D:3: 990 daAuts
     D:7: 922 daAuts
     D:6: 869 daAuts
     D:2: 844 daAuts
     D:1: 767 daAuts
  Lair:1: 302 daAuts

Table legend:
 A = Kills in this place as a percentage of kills in entire the game.
 B = Kills by you in this place as a percentage of kills by you in the entire game.
 C = Kills by friends in this place as a percentage of kills by friends in the entire game.
 D = Other kills in this place as a percentage of other kills in the entire game.
 E = Experience gained in this place as a percentage of experience gained in the entire game.
 F = Experience gained in this place divided by the number of levels of this place that you have seen.
                   A       B       C       D       E      F
               +-------+-------+-------+-------+-------+----------------------
         Total | 100.0 | 100.0 | 100.0 | 100.0 | 100.0 | 1130.0
       Dungeon |  97.8 |  98.0 | 100.0 |  50.0 |  84.0 | 1055.1
          Lair |   2.2 |   2.0 |   0.0 |  50.0 |  16.0 | 1804.0
               +-------+-------+-------+-------+-------+----------------------
